TOP OF THE 1ST |
Cleveland Indians batting - Pitching for Chicago White Sox : RHP Xenophon Valvis
|
Pitching: RHP Xenophon Valvis
|
|
Batting: RHB Alex Rodriguez Jr.
|
0-0: Ball 1-0: Swinging Strike 1-1: Foul Ball, location: 2F 1-2: Strikes out swinging
|
Batting: LHB Hector Pedroso
|
0-0: Ball 1-0: Called Strike 1-1: Ball 2-1: Ball 3-1: Swinging Strike 3-2: Base on Balls
|
Batting: RHB Nick Ogle
|
0-0: Ball 1-0: Foul Ball, location: 2F 1-1: DOUBLE (Groundball, 5L, EV 106.9 MPH) Hector Pedroso to third Runner from 3rd tries for Home, SAFE, throw by LF to home
|
Batting: LHB Danny Dunham
|
0-0: Called Strike 0-1: Ball 1-1: Foul Ball, location: 2F 1-2: Strikes out looking
|
Batting: LHB Arvin Dungca
|
0-0: Called Strike 0-1: Ground out U3 (Groundball, 3S, EV 71.9 MPH)
|
Top of the 1st over - 1 run, 1 hit, 0 errors, 1 left on base; Cleveland 1 - Chicago 0 |
BOTTOM OF THE 1ST |
Chicago White Sox batting - Pitching for Cleveland Indians : RHP Apostolos Tsatsos
|
Pitching: RHP Apostolos Tsatsos
|
|
Batting: LHB Sidney Pedder
|
0-0: Ball 1-0: Swinging Strike 1-1: Ball 2-1: Foul Ball, location: 2F 2-2: Strikes out swinging
|
Batting: SHB Cesar Herrera
|
0-0: Ball 1-0: Called Strike 1-1: Swinging Strike 1-2: Foul Ball, location: 2F 1-2: Strikes out swinging
|
Batting: RHB Joseph Disepolo
|
0-0: Swinging Strike 0-1: Ball 1-1: Called Strike 1-2: Foul Ball, location: 2F 1-2: Strikes out swinging
|
Bottom of the 1st over - 0 runs, 0 hits, 0 errors, 0 left on base; Cleveland 1 - Chicago 0 |
TOP OF THE 2ND |
Cleveland Indians batting - Pitching for Chicago White Sox : RHP Xenophon Valvis
|
Batting: RHB Tommy Baird
|
0-0: Called Strike 0-1: Foul Ball, location: 2F 0-2: Ball 1-2: Strikes out swinging
|
Batting: SHB Merrick Geter
|
0-0: Ball 1-0: Called Strike 1-1: Swinging Strike 1-2: DOUBLE (Groundball, 3L, EV 103.1 MPH)
|
Batting: RHB Doug Hammertime
|
0-0: Called Strike 0-1: Swinging Strike 0-2: Strikes out swinging
|
Batting: SHB Billy Durham
|
0-0: Ball 1-0: Foul Ball, location: 2F 1-1: Ball 2-1: Swinging Strike 2-2: Strikes out swinging
|
Top of the 2nd over - 0 runs, 1 hit, 0 errors, 1 left on base; Cleveland 1 - Chicago 0 |
BOTTOM OF THE 2ND |
Chicago White Sox batting - Pitching for Cleveland Indians : RHP Apostolos Tsatsos
|
Batting: LHB Jack Christie
|
0-0: Ball 1-0: Called Strike 1-1: Ball 2-1: Fly out, F8 (Flyball, 8RM, EV 78.8 MPH)
|
Batting: SHB Junzo Kato
|
0-0: Ball 1-0: Fly out, F7 (Flyball, 7LD, EV 87.5 MPH)
|
Batting: RHB Chris Cooper
|
0-0: Fly out, F9 (Flyball, 9, EV 96.2 MPH)
|
Bottom of the 2nd over - 0 runs, 0 hits, 0 errors, 0 left on base; Cleveland 1 - Chicago 0 |
TOP OF THE 3RD |
Cleveland Indians batting - Pitching for Chicago White Sox : RHP Xenophon Valvis
|
Batting: RHB Alex Rodriguez Jr.
|
0-0: Swinging Strike 0-1: Fly out, F9 (Flyball, 9S, EV 90.6 MPH)
|
Batting: LHB Hector Pedroso
|
0-0: Called Strike 0-1: Ball 1-1: Foul Ball, location: 2F 1-2: Ground out 4-3 (Groundball, 34D, EV 78.8 MPH)
|
Batting: RHB Nick Ogle
|
0-0: Ball 1-0: Swinging Strike 1-1: Ball 2-1: Foul Ball, location: 2F 2-2: Foul Ball, location: 2F 2-2: Foul Ball, location: 2F 2-2: DOUBLE (Groundball, 5L, EV 95.0 MPH)
|
Batting: LHB Danny Dunham
|
0-0: Ball 1-0: Called Strike 1-1: Swinging Strike 1-2: Foul Ball, location: 2F 1-2: Foul Ball, location: 2F 1-2: Ball 2-2: Strikes out swinging
|
Top of the 3rd over - 0 runs, 1 hit, 0 errors, 1 left on base; Cleveland 1 - Chicago 0 |
BOTTOM OF THE 3RD |
Chicago White Sox batting - Pitching for Cleveland Indians : RHP Apostolos Tsatsos
|
Batting: RHB Steve Castleberry
|
0-0: Called Strike 0-1: Ball 1-1: Called Strike 1-2: Foul Ball, location: 2F 1-2: Foul Ball, location: 2F 1-2: Ball 2-2: Fly out, F7 (Flyball, 78M, EV 90.6 MPH)
|
Batting: RHB Dieter Knoops
|
0-0: Ball 1-0: Ball 2-0: Called Strike 2-1: Foul Ball, location: 2F 2-2: Foul Ball, location: 2F 2-2: Ball 3-2: Strikes out swinging
|
Batting: RHB Brad Boals
|
0-0: Ball 1-0: Called Strike 1-1: Ball 2-1: Foul Ball, location: 2F 2-2: Strikes out looking
|
Bottom of the 3rd over - 0 runs, 0 hits, 0 errors, 0 left on base; Cleveland 1 - Chicago 0 |
TOP OF THE 4TH |
Cleveland Indians batting - Pitching for Chicago White Sox : RHP Xenophon Valvis
|
Batting: LHB Arvin Dungca
|
0-0: Called Strike 0-1: Foul Ball, location: 2F 0-2: Strikes out looking
|
Batting: RHB Tommy Baird
|
0-0: Called Strike 0-1: Ground out 4-3 (Groundball, 4MD, EV 101.2 MPH)
|
Batting: SHB Merrick Geter
|
0-0: Ball 1-0: Swinging Strike 1-1: SINGLE (Groundball, 6D, EV 107.5 MPH)
|
Batting: RHB Doug Hammertime
|
0-0: Called Strike 0-1: Foul Ball, location: 2F 0-2: Ball 1-2: Foul Ball, location: 2F 1-2: SINGLE (Flyball, 78S, EV 95.6 MPH) Merrick Geter to second Runner from 2nd tries for 3rd, SAFE, no throw by CF
|
Batting: SHB Billy Durham
|
0-0: Called Strike 0-1: Swinging Strike 0-2: Ball 1-2: Ball 2-2: Strikes out swinging
|
Top of the 4th over - 0 runs, 2 hits, 0 errors, 2 left on base; Cleveland 1 - Chicago 0 |
BOTTOM OF THE 4TH |
Chicago White Sox batting - Pitching for Cleveland Indians : RHP Apostolos Tsatsos
|
Batting: LHB Sidney Pedder
|
0-0: Ball 1-0: Called Strike 1-1: Ball 2-1: Ball 3-1: Swinging Strike 3-2: Base on Balls
|
Batting: SHB Cesar Herrera
|
0-0: Called Strike Sidney Pedder steals 2nd base 0-1: Swinging Strike 0-2: Ball 1-2: Hit by Pitch
|
Batting: RHB Joseph Disepolo
|
0-0: Foul Ball, location: 2F 0-1: Ball 1-1: Ball 2-1: Foul Ball, location: 2F 2-2: SINGLE (Groundball, 4MS, EV 70.0 MPH) (infield hit) Sidney Pedder to third Cesar Herrera to second
|
Batting: LHB Jack Christie
|
0-0: Called Strike 0-1: Ball 1-1: Foul Ball, location: 2F 1-2: Ball 2-2: Ball 3-2: Grounds into double play, 3-6-3 (Groundball, 3, EV 86.2 MPH) Sidney Pedder scores Cesar Herrera to third
|
Batting: SHB Junzo Kato
|
0-0: 2-RUN HOME RUN (Flyball, 89XD, EV 98.1 MPH), Distance : 385 ft
|
Batting: RHB Chris Cooper
|
0-0: Ball 1-0: Swinging Strike 1-1: Foul Ball, location: 2F 1-2: Strikes out swinging
|
Bottom of the 4th over - 3 runs, 2 hits, 0 errors, 0 left on base; Cleveland 1 - Chicago 3 |
TOP OF THE 5TH |
Cleveland Indians batting - Pitching for Chicago White Sox : RHP Xenophon Valvis
|
Batting: RHB Alex Rodriguez Jr.
|
0-0: Ball 1-0: Ball 2-0: Swinging Strike 2-1: Fly out, F9 (Flyball, 9D, EV 96.2 MPH)
|
Batting: LHB Hector Pedroso
|
0-0: Ball 1-0: Ball 2-0: Ball 3-0: Base on Balls
|
Batting: RHB Nick Ogle
|
0-0: Called Strike Hector Pedroso steals 2nd base 0-1: Called Strike 0-2: Ball 1-2: Ball 2-2: 2-RUN HOME RUN (Flyball, 7D, EV 100.6 MPH), Distance : 365 ft
|
Batting: LHB Danny Dunham
|
0-0: Ground out 4-3 (Groundball, 4, EV 89.4 MPH)
|
Batting: LHB Arvin Dungca
|
0-0: Fly out, F2 (Popup, 15S, EV 77.5 MPH)
|
Top of the 5th over - 2 runs, 1 hit, 0 errors, 0 left on base; Cleveland 3 - Chicago 3 |
BOTTOM OF THE 5TH |
Chicago White Sox batting - Pitching for Cleveland Indians : RHP Apostolos Tsatsos
|
Batting: RHB Steve Castleberry
|
0-0: Ball 1-0: SINGLE (Line Drive, 4MD, EV 100.0 MPH)
|
Batting: RHB Dieter Knoops
|
0-0: Ball 1-0: Fielders Choice at 2nd, 4-6 (Groundball, 4, EV 94.4 MPH)
|
Batting: RHB Brad Boals
|
0-0: Ball Dieter Knoops steals 2nd base (no throw) 1-0: Called Strike 1-1: Called Strike 1-2: Strikes out swinging
|
Batting: LHB Sidney Pedder
|
0-0: Ball 1-0: Ball 2-0: Called Strike 2-1: Called Strike 2-2: Foul Ball, location: 2F 2-2: Foul Ball, location: 2F 2-2: Ball 3-2: Fly out, F9 (Flyball, 89S, EV 90.0 MPH)
|
Bottom of the 5th over - 0 runs, 1 hit, 0 errors, 1 left on base; Cleveland 3 - Chicago 3 |
TOP OF THE 6TH |
Cleveland Indians batting - Pitching for Chicago White Sox : RHP Xenophon Valvis
|
Batting: RHB Tommy Baird
|
0-0: Ground out 6-3 (Groundball, 6, EV 108.8 MPH)
|
Batting: SHB Merrick Geter
|
0-0: Foul Ball, location: 2F 0-1: Called Strike 0-2: Ball 1-2: Strikes out looking
|
Batting: RHB Doug Hammertime
|
0-0: Ball 1-0: Swinging Strike 1-1: Ball 2-1: Ground out 4-3 (Groundball, 4, EV 88.8 MPH)
|
Top of the 6th over - 0 runs, 0 hits, 0 errors, 0 left on base; Cleveland 3 - Chicago 3 |
BOTTOM OF THE 6TH |
Chicago White Sox batting - Pitching for Cleveland Indians : RHP Apostolos Tsatsos
|
Batting: SHB Cesar Herrera
|
0-0: Fly out, F7 (Flyball, 78S, EV 91.9 MPH)
|
Batting: RHB Joseph Disepolo
|
0-0: Called Strike 0-1: Swinging Strike 0-2: Ball 1-2: DOUBLE (Flyball, 8RXD, EV 108.1 MPH)
|
Batting: LHB Jack Christie
|
0-0: Called Strike 0-1: Ball 1-1: Foul Ball, location: 2F 1-2: Foul Ball, location: 2F 1-2: Foul Ball, location: 2F 1-2: Ball 2-2: Ball 3-2: Foul Ball, location: 2F 3-2: SINGLE (Line Drive, 7S, EV 107.5 MPH) Joseph Disepolo to third
|
Batting: SHB Junzo Kato
|
0-0: Foul Ball, location: 2F 0-1: Swinging Strike 0-2: Ball 1-2: Strikes out looking
|
Batting: RHB Chris Cooper
|
0-0: Called Strike 0-1: Swinging Strike 0-2: Ball 1-2: Ball 2-2: Strikes out swinging
|
Bottom of the 6th over - 0 runs, 2 hits, 0 errors, 2 left on base; Cleveland 3 - Chicago 3 |
TOP OF THE 7TH |
Cleveland Indians batting - Pitching for Chicago White Sox : RHP Xenophon Valvis
|
Batting: SHB Billy Durham
|
0-0: Ball 1-0: Swinging Strike 1-1: Ball 2-1: SINGLE (Groundball, 4MS, EV 73.1 MPH) (infield hit)
|
Batting: RHB Alex Rodriguez Jr.
|
0-0: Ball 1-0: Sac Bunt to 23 - play at first, batter safe! Billy Durham to second
|
Batting: LHB Hector Pedroso
|
0-0: Ball 1-0: Called Strike 1-1: Ball 2-1: Fly out, F8 (Flyball, 89M, EV 92.5 MPH)
|
Pitching: RHP Riso Profanter
|
|
Batting: RHB Nick Ogle
|
0-0: Ball Billy Durham steals 3rd base (no throw) Alex Rodriguez Jr. to second 1-0: Ball 2-0: Called Strike 2-1: DOUBLE (Line Drive, 3D, EV 96.2 MPH) Billy Durham scores Alex Rodriguez Jr. scores
|
Batting: LHB Danny Dunham
|
0-0: SINGLE (Line Drive, 8RS, EV 110.6 MPH) Nick Ogle to third Runner from 3rd tries for Home, SAFE, throw by CF to home Danny Dunham to second
|
Batting: LHB Arvin Dungca
|
0-0: Intentional Walk
|
Batting: RHB Tommy Baird
|
0-0: Called Strike 0-1: Foul Ball, location: 2F 0-2: Foul Ball, location: 2F 0-2: Foul Ball, location: 2F 0-2: Ball 1-2: Ball 2-2: Fly out, F8 (Flyball, 8LD, EV 88.8 MPH) Runner from 2nd tags up, SAFE at 3rd with throw by CF
|
Batting: SHB Merrick Geter
|
0-0: Foul Ball, location: 2F 0-1: Foul Ball, location: 2F 0-2: Foul Ball, location: 2F 0-2: Ball 1-2: Ground out 4-3 (Groundball, 4, EV 86.9 MPH)
|
Top of the 7th over - 3 runs, 4 hits, 0 errors, 2 left on base; Cleveland 6 - Chicago 3 |
BOTTOM OF THE 7TH |
Chicago White Sox batting - Pitching for Cleveland Indians : RHP Apostolos Tsatsos
|
Pitching: RHP Matt Laverty
|
|
Now in RF: Stu Sornson
|
|
Batting: RHB Steve Castleberry
|
0-0: SOLO HOME RUN (Flyball, 78XD, EV 100.6 MPH), Distance : 391 ft
|
Batting: RHB Dieter Knoops
|
0-0: Ball 1-0: Fly out, F7 (Flyball, 7, EV 83.1 MPH)
|
Batting: RHB Brad Boals
|
0-0: Called Strike 0-1: Foul Ball, location: 2F 0-2: Foul Ball, location: 2F 0-2: Fly out, F7 (Flyball, 78M, EV 93.8 MPH)
|
Batting: LHB Sidney Pedder
|
0-0: Swinging Strike 0-1: Foul Ball, location: 2F 0-2: Ball 1-2: SINGLE (Groundball, 3S, EV 62.5 MPH) (infield hit)
|
Batting: SHB Cesar Herrera
|
0-0: Ball 1-0: Swinging Strike 1-1: Ball 2-1: Foul Ball, location: 2F 2-2: Ball Sidney Pedder steals 2nd base (no throw) 3-2: Base on Balls
|
Batting: RHB Joseph Disepolo
|
0-0: Ball 1-0: Ball 2-0: Called Strike 2-1: Called Strike 2-2: Strikes out swinging
|
Bottom of the 7th over - 1 run, 2 hits, 0 errors, 2 left on base; Cleveland 6 - Chicago 4 |
TOP OF THE 8TH |
Cleveland Indians batting - Pitching for Chicago White Sox : RHP Riso Profanter
|
Batting: RHB Doug Hammertime
|
0-0: Swinging Strike 0-1: Called Strike 0-2: SINGLE (Groundball, 56D, EV 97.5 MPH)
|
Batting: SHB Billy Durham
|
0-0: Ball 1-0: Called Strike 1-1: Foul Ball, location: 2F 1-2: Strikes out looking
|
Batting: RHB Alex Rodriguez Jr.
|
0-0: Ball 1-0: Called Strike 1-1: Swinging Strike 1-2: Ball 2-2: Ball 3-2: Foul Ball, location: 2F 3-2: Foul Ball, location: 2F 3-2: DOUBLE (Groundball, 5L, EV 103.1 MPH) Doug Hammertime to third Doug Hammertime scores
|
Pitching: LHP Steven Wolf
|
|
Batting: LHB Hector Pedroso
|
0-0: Ball 1-0: Called Strike 1-1: TRIPLE (Line Drive, 78XD, EV 101.2 MPH) Alex Rodriguez Jr. scores
|
Batting: LHB Stu Sornson
|
0-0: Foul Ball, location: 2F 0-1: Fly out, F8 (Line Drive, 89S, EV 87.5 MPH) Runner from 3rd tags up, SCORES, throw by CF
|
Batting: RHB Edwin Madrid
|
0-0: Called Strike 0-1: Called Strike 0-2: Ball 1-2: Ball 2-2: Ball 3-2: Foul Ball, location: 2F 3-2: Base on Balls
|
Batting: LHB Arvin Dungca
|
0-0: Ball Edwin Madrid steals 2nd base 1-0: Foul Ball, location: 2F 1-1: Ball 2-1: Ball 3-1: Base on Balls
|
Pitching: LHP Rhett Beers
|
|
Batting: RHB Tommy Baird
|
0-0: Ball 1-0: Ball 2-0: Ground out 5-3 (Groundball, 56S, EV 85.6 MPH)
|
Top of the 8th over - 3 runs, 3 hits, 0 errors, 2 left on base; Cleveland 9 - Chicago 4 |
BOTTOM OF THE 8TH |
Chicago White Sox batting - Pitching for Cleveland Indians : RHP Matt Laverty
|
Batting: LHB Jack Christie
|
0-0: Ball 1-0: Called Strike 1-1: Ball 2-1: Ball 3-1: Base on Balls
|
Batting: SHB Junzo Kato
|
0-0: Fly out, F5 (Popup, 5F, EV 60.0 MPH)
|
Pinch Hitting: LHB Randy Rosenberry
|
0-0: Ball 1-0: Foul Ball, location: 2F 1-1: Fly out, F7 (Flyball, 7D, EV 95.6 MPH)
|
Batting: RHB Steve Castleberry
|
0-0: Foul Ball, location: 2F 0-1: Foul Ball, location: 2F 0-2: Ball 1-2: SINGLE (Line Drive, 8LS, EV 104.4 MPH) Jack Christie to second
|
Batting: RHB Dieter Knoops
|
0-0: Ball 1-0: Fielders Choice at 2nd, 6-4 (Groundball, 56, EV 90.6 MPH)
|
Bottom of the 8th over - 0 runs, 1 hit, 0 errors, 2 left on base; Cleveland 9 - Chicago 4 |
TOP OF THE 9TH |
Cleveland Indians batting - Pitching for Chicago White Sox : LHP Rhett Beers
|
Now in CF: Randy Rosenberry
|
|
Now in RF: Steve Castleberry
|
|
Batting: SHB Merrick Geter
|
0-0: Called Strike 0-1: SINGLE (Flyball, 78S, EV 82.5 MPH)
|
Batting: RHB Doug Hammertime
|
0-0: Called Strike 0-1: Ball 1-1: Ball 2-1: Ball 3-1: Called Strike 3-2: Base on Balls Merrick Geter to second
|
Batting: SHB Billy Durham
|
0-0: Sac Bunt to P - play at first, batter OUT! 1-3 Merrick Geter to third Doug Hammertime to second
|
Batting: RHB Alex Rodriguez Jr.
|
0-0: Ball 1-0: Foul Ball, location: 2F 1-1: Fly out, F7 (Line Drive, 78M, EV 93.1 MPH) Runner from 3rd tags up, SCORES, throw by LF
|
Batting: LHB Hector Pedroso
|
0-0: Swinging Strike 0-1: Foul Ball, location: 2F 0-2: Ball 1-2: Ball 2-2: Foul Ball, location: 2F 2-2: Strikes out swinging
|
Top of the 9th over - 1 run, 1 hit, 0 errors, 1 left on base; Cleveland 10 - Chicago 4 |
BOTTOM OF THE 9TH |
Chicago White Sox batting - Pitching for Cleveland Indians : RHP Matt Laverty
|
Batting: RHB Brad Boals
|
0-0: Swinging Strike 0-1: Swinging Strike 0-2: Strikes out swinging
|
Batting: LHB Sidney Pedder
|
0-0: Foul Ball, location: 2F 0-1: Ball 1-1: Foul Ball, location: 2F 1-2: Ball 2-2: Foul Ball, location: 2F 2-2: Ball 3-2: Strikes out looking
|
Batting: SHB Cesar Herrera
|
0-0: Ball 1-0: Ball 2-0: Called Strike 2-1: Ball 3-1: DOUBLE (Line Drive, 89D, EV 106.9 MPH)
|
Batting: RHB Joseph Disepolo
|
0-0: Ground out 6-3 (Groundball, 56, EV 101.2 MPH)
|
Bottom of the 9th over - 0 runs, 1 hit, 0 errors, 1 left on base; Cleveland 10 - Chicago 4 |
|